 Dungeon Crawl Stone Soup version 0.25-a0-1036-g6f112fb28d (webtiles) character file.

Game seed: 16421497861479333197, levelgen mode: deterministic

21135 Morbidden the Carver (level 12, -1/91 HPs)
             Began as a Demonspawn Gladiator on May 13, 2020.
             Was a High Priest of Okawaru.
             Slain by a blink frog (14 damage)
             ... on level 3 of the Lair of Beasts.
             The game lasted 00:29:39 (11894 turns).

Morbidden the Carver (Demonspawn Gladiator)        Turns: 11894, Time: 00:29:40

Health: -1/91      AC: 19    Str: 20    XL:     12   Next: 51%
Magic:  30/30      EV: 15    Int:  6    God:    Okawaru [*****.]
Gold:   628        SH: 13    Dex: 26    Spells: 23/23 levels left

rFire    . . .     SeeInvis .   M - +10 double sword "Rummage" {distort, rElec rN+ Dex+4}
rCold    . . .     Gourm    .   y - +1 kite shield
rNeg     + . .     Faith    .   x - +3 scale mail of Hysteria {Int-3 Dex+4}
rPois    .         Spirit   .   c - +0 helmet
rElec    +         Reflect  .   A - +0 cloak
rCorr    +         Harm     .   R - +1 pair of gloves {Dex+3}
MR       .....                  (no boots)
Stlth    +.........             B - amulet of regeneration
HPRegen  3.65/turn              i - +1 ring of evasion
MPRegen  0.22/turn              F - ring of magical power

@: mighty
A: talons 1, yellow scales 3, powered by death 2, powered by pain 1
a: Heroism, Finesse, Renounce Religion


You were on level 3 of the Lair of Beasts.
You worshipped Okawaru.
Okawaru was extremely pleased with you.
You were not hungry.

You visited 3 branches of the dungeon, and saw 15 of its levels.

You collected 980 gold pieces.
You spent 352 gold pieces at shops.

Inventory:

Hand Weapons
 a - a +3 dagger of electrocution
 q - a +4 scimitar of flaming
 M - the +10 double sword "Rummage" (weapon) {distort, rElec rN+ Dex+4}
   (Okawaru gifted it to you on level 2 of the Lair of Beasts)

   It warps and distorts space around it.
   Unwielding it can cause banishment or high damage.
   It affects your dexterity (+4).
   It insulates you from electricity.
   It protects you from negative energy.
Missiles
 d - 3 throwing nets
 k - 2 javelins
 t - 9 boomerangs (quivered)
 C - 5 atropa-tipped darts
Armour
 c - a +0 helmet (worn)
 x - the +3 scale mail of Hysteria (worn) {Int-3 Dex+4}
   (You found it on level 4 of the Dungeon)

   It affects your intelligence (-3).
   It affects your dexterity (+4).
 y - a +1 kite shield (worn)
 A - a +0 cloak (worn)
 R - a +1 pair of gloves of dexterity (worn)
Jewellery
 i - a +1 ring of evasion (left hand)
 B - an amulet of regeneration (around neck)
 F - a ring of magical power (right hand)
 G - an uncursed amulet of the acrobat {unknown}
 J - an uncursed ring of wizardry
Wands
 j - a wand of disintegration (15)
 n - a wand of acid (5)
 I - a wand of flame (57)
 N - a wand of iceblast (13)
 O - a wand of random effects (22)
Scrolls
 b - 2 scrolls of magic mapping
 g - 3 scrolls of teleportation
 h - 5 scrolls of identify
 l - 2 scrolls of immolation
 p - a scroll of blinking
 r - 4 scrolls of fog
 w - 5 scrolls of remove curse
 D - a scroll of summoning
 E - 4 scrolls of amnesia
 L - 4 scrolls of noise
Potions
 e - a potion of berserk rage
 m - a potion of lignification
 o - a potion of stabbing
 s - 5 potions of resistance
 u - 2 potions of might
 v - 2 potions of flight
 z - 13 potions of curing
 K - a potion of brilliance
 P - 3 potions of heal wounds
Miscellaneous
 H - a phial of floods (inert)
Comestibles
 f - 24 rations
 Q - a chunk of flesh


   Skills:
 * Level 7.4 Fighting
 + Level 1.5(7.1) Short Blades
 * Level 10.9 Long Blades
 + Level 2.4 Throwing
 + Level 7.0 Armour
 + Level 6.0 Dodging
 + Level 1.7 Stealth
 + Level 7.6 Shields
 * Level 6.0 Spellcasting
 * Level 8.4 Invocations
 + Level 0.9 Evocations


You had 23 spell levels left.
You didn't know any spells.
Your spell library contained the following spells:

 Spells                   Type           Power        Failure   Level  Hunger
 Foxfire                  Conj/Fire      #...         87%         1    #......
 Conjure Flame            Conj/Fire      #.......     99%         3    ###....
 Inner Flame              Hex/Fire       #.......     99%         3    ###....
 Cause Fear               Hex            #.........   100%        4    #####..
 Sticky Flame             Conj/Fire      #.......     100%        4    #####..
 Fireball                 Conj/Fire      #.........   100%        5    ######.
 Silence                  Hex/Air        #.........   100%        5    ######.
 Yara's Violent Unravell  Hex/Tmut       #.........   100%        5    ######.
 Discord                  Hex            #.........   100%        8    #######


Dungeon Overview and Level Annotations

Branches:
Dungeon (11/15)            Temple (1/1) D:7            Lair (3/6) D:11
 Shoals (0/4) Lair:3          Orc (0/2) D:9
  Snake: Lair:2-4    Spider: Lair:2-4

Altars:
Cheibriados
Dithmenos
Elyvilon
Fedhas
Gozag
Hepliaklqana
Kikubaaqudgha
Makhleb
Nemelex Xobeh
Okawaru
Qazlal
Sif Muna
Trog
Uskayaw
Vehumet
Wu Jian
Xom
Yredelemnul
Zin
The Shining One

Shops:
D:8 [([((   D:11 !

Annotations:
Lair:2 1 runed translucent door, 1994's ghost, journeyman DsFi


Innate Abilities, Weirdness & Mutations

You have sharp toenails.
You are completely covered in yellow scales. (AC +4, rCorr)
You regenerate health from kills.
You sometimes gain a little power by taking damage.


Message History

You block the six-headed hydra's attack.
The six-headed hydra bites you but does no damage. x2
You slice one of the six-headed hydra's heads off!
The five-headed hydra grows two more!
You slash the seven-headed hydra! You claw the seven-headed hydra.
The seven-headed hydra is severely wounded.
The blink frog misses you. The seven-headed hydra bites you!
* * * LOW HITPOINT WARNING * * *
You block the seven-headed hydra's attack. x3
The seven-headed hydra bites you.
* * * LOW HITPOINT WARNING * * *
The seven-headed hydra bites you but does no damage.
The seven-headed hydra barely misses you.
You chop one of the seven-headed hydra's heads off!
The six-headed hydra grows two more!
You slice the eight-headed hydra!!
You kill the eight-headed hydra!
Okawaru is honoured by your kill.
The blink frog hits you but does no damage.
The blink frog hits you!
You die...

..........................
###P.P########.......[..#
##### #........#
#####.......>###
≈≈≈≈.#.........#
≈≈≈.≈.........##
.≈≈≈P.......?## ##
..≈≈≈PFF.....# ..
.N.F≈P.@§....# .
.≈≈≈≈.......##
...≈≈.......#
..≈≈≈........P.
.≈≈≈........./.
≈≈≈.............
≈≈..............
..............$


You could see 3 blink frogs and a naga.

Vanquished Creatures
  Erica (Lair:1)
  2 hydras
  2 two-headed ogres (D:11)
  A skeletal warrior (D:9)
  3 manticores (D:11)
  A black mamba (Lair:3)
  6 elephants (Lair:2)
  3 spiny frogs
  A komodo dragon (Lair:1)
  A troll (D:11)
  A hornet (D:7)
  Grinder (D:5)
  Prince Ribbit (D:5)
  2 blink frogs (Lair:3)
  2 hippogriffs
  A spriggan (D:7)
  17 yaks
  A basilisk (Lair:1)
  Grum (D:10)
  Edmund (D:5)
  6 water moccasins
  3 porcupines
  6 phantoms
  A sky beast (D:10)
  5 orc warriors
  2 wolves (D:10)
  4 ogres
  5 centaurs
  7 crocodiles
  3 big kobolds
  5 bullfrogs
  A wyvern zombie (D:7)
  5 scorpions
  8 killer bees
  18 wights
  6 howler monkeys
  4 crimson imps
  3 bullfrog zombies
  A quasit (D:10)
  A centaur zombie (D:10)
  12 orc wizards
  A bullfrog skeleton (D:9)
  7 orc priests
  2 hounds
  3 jellies
  6 centaur skeletons
  2 iguanas
  7 worker ants
  A hound skeleton (D:6)
  2 howler monkey zombies (D:6)
  2 howler monkey skeletons
  2 worker ant zombies
  7 gnolls
  8 adders
  2 shadow imps
  2 oozes
  2 adder skeletons (D:9)
  4 adder zombies
  2 worms
  A dart slug (D:2)
  4 leopard geckos
  36 orcs
  2 ball pythons
  4 giant cockroaches
  10 goblins
  11 hobgoblins
  12 jackals
  6 quokkas
  4 bats
  6 frilled lizards
  A giant cockroach zombie (D:6)
  A jackal zombie (D:6)
  18 kobolds
  A leopard gecko zombie (D:6)
  3 rats
337 creatures vanquished.

Vanquished Creatures (collateral kills)
  3 yaks (D:11)
3 creatures vanquished.

Vanquished Creatures (others)
  A hydra (Lair:2)
  A spiny frog (Lair:2)
  A hippogriff (Lair:2)
  2 yaks (Lair:2)
  An orc warrior (D:9)
  A black bear (D:9)
  An iguana (D:9)
8 creatures vanquished.

Grand Total: 348 creatures vanquished

Notes
Turn   | Place    | Note
-------+----------+-------------------------------------------
     0 | D:1      | Morbidden the Demonspawn Gladiator began the quest for the
                  | Orb.
     0 | D:1      | Reached XP level 1. HP: 16/16 MP: 1/1
   116 | D:1      | Reached skill level 3 in Long Blades
   119 | D:1      | Gained mutation: You sometimes gain a little power by
                  | taking damage. [demonic ancestry]
   119 | D:1      | Reached XP level 2. HP: 11/22 MP: 2/2
   724 | D:2      | Gained mutation: You regenerate a little health from kills.
                  | [demonic ancestry]
   724 | D:2      | Reached XP level 3. HP: 23/27 MP: 3/3
  1748 | D:2      | Gained mutation: You have sharp toenails. [demonic
                  | ancestry]
  1748 | D:2      | Reached XP level 4. HP: 33/33 MP: 4/4
  1852 | D:2      | Reached skill level 4 in Long Blades
  1894 | D:2      | Reached skill level 1 in Armour
  2180 | D:3      | Found a burning altar of Makhleb.
  2184 | D:3      | Found a white marble altar of Elyvilon.
  2184 | D:3      | Found a bloodstained altar of Trog.
  2184 | D:3      | Found a sparkling altar of Nemelex Xobeh.
  2224 | D:3      | Found a shadowy altar of Dithmenos.
  2229 | D:3      | Reached skill level 1 in Shields
  2229 | D:3      | Gained mutation: You are partially covered in yellow
                  | scales. (AC +2) [demonic ancestry]
  2229 | D:3      | Reached XP level 5. HP: 25/39 MP: 5/5
  2680 | D:3      | Found a glowing silver altar of Zin.
  3212 | D:4      | Gained mutation: You are mostly covered in yellow scales.
                  | (AC +3) [demonic ancestry]
  3212 | D:4      | Reached XP level 6. HP: 44/46 MP: 6/6
  3240 | D:4      | Got a brightly glowing scale mail
  3251 | D:4      | Identified the +3 scale mail of Hysteria {Int-3 Dex+4} (You
                  | found it on level 4 of the Dungeon)
  3266 | D:4      | Found an ancient bone altar of Kikubaaqudgha.
  3482 | D:4      | Gained mutation: You are completely covered in yellow
                  | scales. (AC +4, rCorr) [demonic ancestry]
  3482 | D:4      | Reached XP level 7. HP: 32/52 MP: 7/7
  3823 | D:4      | Reached skill level 5 in Long Blades
  4093 | D:5      | Entered Level 5 of the Dungeon
  4099 | D:5      | Noticed Edmund
  4114 | D:5      | Killed Edmund
  4209 | D:5      | Noticed Prince Ribbit
  4222 | D:5      | Killed Prince Ribbit
  4387 | D:5      | Found a shimmering blue altar of Sif Muna.
  4460 | D:5      | Noticed Grinder
  4460 | D:5      | Paralysed by Grinder for 5 turns
  4473 | D:5      | Reached skill level 6 in Long Blades
  4473 | D:5      | Reached XP level 8. HP: 60/60 MP: 8/8
  4508 | D:5      | Paralysed by Grinder for 4 turns
  4516 | D:5      | Killed Grinder
  4726 | D:5      | Found Ippeys Qourch's Food Boutique.
  5225 | D:6      | Reached skill level 7 in Long Blades
  5727 | D:7      | Reached XP level 9. HP: 65/67 MP: 9/9
  6003 | D:7      | Reached skill level 5 in Fighting
  6088 | D:7      | Found a stormy altar of Qazlal.
  6088 | D:7      | Found a basalt altar of Yredelemnul.
  6088 | D:7      | Found a shadowy altar of Dithmenos.
  6089 | D:7      | Found a blossoming altar of Fedhas.
  6160 | D:7      | Reached skill level 1 in Stealth
  6169 | D:7      | Reached skill level 5 in Shields
  6208 | D:7      | Reached skill level 8 in Long Blades
  6559 | D:7      | Found a staircase to the Ecumenical Temple.
  6668 | Temple   | Entered the Ecumenical Temple
  6745 | Temple   | Became a worshipper of Warmaster Okawaru
  6795 | D:8      | Found Naurew's Antique Weapon Shoppe.
  6797 | D:8      | Found Seotiso's Antique Weapon Emporium.
  6833 | D:8      | Reached skill level 1 in Spellcasting
  6909 | D:8      | Found Ugugotz's Antique Armour Shoppe.
  6990 | D:8      | Reached skill level 1 in Invocations
  7105 | D:8      | Found Vytupn's Antique Weapon Shop.
  7136 | D:8      | Found Guilyo's Armour Shop.
  7179 | D:8      | Reached * piety under Okawaru
  7203 | D:8      | Reached skill level 5 in Armour
  7244 | D:8      | Reached XP level 10. HP: 27/74 MP: 12/12
  7567 | D:8      | Bought an iridescent long sword for 212 gold pieces
  7567 | D:8      | Identified the +9 long sword of the Unkillable {protect,
                  | rPois rF- rC- MR+++} (You bought it in a shop on level 8 of
                  | the Dungeon)
  7640 | D:9      | Found a shimmering altar of Xom.
  7641 | D:9      | Noticed a skeletal warrior
  7661 | D:9      | Killed a skeletal warrior
  7661 | D:9      | Reached ** piety under Okawaru
  7661 | D:9      | Reached skill level 1 in Short Blades
  8075 | D:9      | Found a staircase to the Orcish Mines.
  8219 | D:9      | You fall into a shaft and drop 1 floor!
  8219 | D:10     | Entered Level 10 of the Dungeon
  8323 | D:10     | Reached *** piety under Okawaru
  8324 | D:10     | Noticed Grum
  8334 | D:10     | Killed Grum
  8342 | D:10     | Reached skill level 5 in Invocations
  8346 | D:10     | Reached skill level 9 in Long Blades
  9096 | D:11     | Reached **** piety under Okawaru
  9098 | D:11     | Gained mutation: You regenerate health from kills. [demonic
                  | ancestry]
  9098 | D:11     | Reached XP level 11. HP: 81/81 MP: 16/16
  9220 | D:11     | Found a staircase to the Lair.
  9231 | D:11     | Noticed a two-headed ogre
  9237 | D:11     | Killed a two-headed ogre
  9237 | D:11     | Reached skill level 5 in Dodging
  9245 | D:11     | Noticed a two-headed ogre
  9259 | D:11     | Killed a two-headed ogre
  9441 | D:11     | Found Cerun's Distillery.
  9456 | D:11     | Bought a potion of heal wounds for 70 gold pieces
  9456 | D:11     | Bought a potion of heal wounds for 70 gold pieces
  9476 | D:11     | Reached ***** piety under Okawaru
  9907 | Lair:1   | Entered Level 1 of the Lair of Beasts
 10280 | Lair:1   | Found a sparkling altar of Nemelex Xobeh.
 10306 | Lair:1   | Noticed Erica
 10315 | Lair:1   | Killed Erica
 10410 | Lair:1   | Reached skill level 5 in Spellcasting
 10633 | Lair:1   | Reached skill level 10 in Long Blades
 10803 | Lair:2   | Found a runed translucent door.
 10805 | Lair:2   | Noticed 1994's ghost (journeyman DsFi)
 10828 | Lair:2   | Received a gift from Okawaru
 10846 | Lair:2   | Reached XP level 12. HP: 48/89 MP: 20/20
 10865 | Lair:2   | Got a brightly glowing double sword {god gift}
 10866 | Lair:2   | Identified the +10 double sword "Rummage" {distort, rElec
                  | rN+ Dex+4} (Okawaru gifted it to you on level 2 of the Lair
                  | of Beasts)
 11070 | Lair:2   | Noticed a four-headed hydra
 11082 | Lair:2   | Banished a ten-headed hydra
 11154 | Lair:2   | Noticed a four-headed hydra
 11162 | Lair:2   | Killed a six-headed hydra
 11728 | Lair:3   | Found a staircase to the Shoals.
 11791 | Lair:3   | Received a gift from Okawaru
 11875 | Lair:3   | Noticed a four-headed hydra
 11894 | Lair:3   | Killed an eight-headed hydra
 11894 | Lair:3   | Slain by a blink frog

Illustrated notes

Levels and vault maps discovered:
D:1:      matt_arrival_grand_opening, layout_basic, minmay_tromino_v4_c
D:2:      minmay_chambers_of_twos, layout_basic
D:3:      layout_basic, zin_academy, grunt_temple_overflow_open, first_ration,
          grunt_dithmenos_smoke_and_mirrors
D:4:      layout_basic, marbit_many_paths, chequers_serial_rivers_micro_a
D:5:      layout_layer_cave, kennysheep_little_box, serial_shops,
          kennysheep_mini, nrook_loot_triangle, uniq_edmund,
          uniq_prince_ribbit1, uniq_grinder
D:6:      layout_loops_ring, serial_undead, serial_undead_e, serial_undead_d,
          serial_undead_f, serial_undead_d, st_stairs_9
D:7:      layout_basic, chequers_temple_overflow_statue_of_worship,
          minmay_temple_entry_poolview, the_bakery
D:8:      layout_loops_cross, serial_shops, nicolae_shop_crystal,
          nicolae_shop_stone, nicolae_shop_stone, shop_fountains, shop_fountains
D:9:      layout_small_grid, xom_confusion_cloud, erik_orc_3,
          chequers_serial_rivers_small_b
D:10:     layout_rooms, uniq_grum
D:11:     layout_loops_ring, lair_entry_dummy, serial_shops,
          nicolae_shop_crystal
Temple:   zaba_magenta_temple
Lair:1:   layout_long_grid, lemuel_centaur_altar, grunt_megastairs_2,
          lemuel_fruit_fields, uniq_erica
Lair:2:   layout_chaotic_city, ebering_ghost_inner_flame,
          chequers_serial_rivers_micro_b
Lair:3:   layout_hall_layers, shoals_dummy_entry, guppyfry_snake_entry_island

Skill      XL: |  1  2  3  4  5  6  7  8  9 10 11 12 |
---------------+-------------------------------------+-----
Long Blades    | 3 4 6 7 8 9 10 | 10.9
Dodging        | 3 4 5 6 |  6.0
Armour         | 1 2 4 5 6 7 |  7.0
Shields        | 1 2 3 4 5 6 7 |  7.6
Fighting       | 3 4 5 6 7 |  7.4
Throwing       | 2 |  2.4
Stealth        | 1 |  1.7
Spellcasting   | 1 3 5 6 |  6.0
Invocations    | 2 5 7 8 |  8.4
Short Blades   | 1 |  1.5
Evocations     | |  0.9

Action                   |  1- 3 |  4- 6 |  7- 9 | 10-12 || total
-------------------------+-------+-------+-------+-------++-------
Melee: Long sword        |    95 |   142 |   296 |   454 ||   987
       Kick              |       |    61 |   201 |   232 ||   494
       Dagger            |       |       |    82 |    21 ||   103
       Scimitar          |       |       |    65 |       ||    65
       Double sword      |       |       |       |    56 ||    56
Throw: Throwing net      |       |     3 |       |       ||     3
       Boomerang         |       |       |     5 |       ||     5
Invok: Heroism           |       |       |       |     4 ||     4
       Finesse           |       |       |       |     1 ||     1
Evoke: Wand              |       |       |     3 |     5 ||     8
       Phial of floods   |       |       |       |     1 ||     1
  Use: Potion            |     2 |       |     2 |     1 ||     5
       Scroll            |       |     1 |     5 |    17 ||    23
 Stab: Sleeping          |     1 |       |       |       ||     1
       Distracted        |       |     1 |       |       ||     1
       Confused          |       |       |       |     1 ||     1
  Eat: Chunk             |     3 |     5 |    13 |    16 ||    37
Armor: Leather armour    |    19 |     8 |       |       ||    27
       Chain mail        |       |    36 |       |       ||    36
       Scale mail        |       |    47 |   210 |   212 ||   469
       Skin              |       |       |     1 |    58 ||    59
Dodge: Dodged            |    89 |    71 |   188 |   260 ||   608
Block: Buckler           |     3 |    27 |     1 |       ||    31
       Kite shield       |       |       |   248 |   361 ||   609
       Rpst.: Long sword |    34 |    26 |    30 |    50 ||   140
       Scimitar          |       |       |    13 |       ||    13
       Double sword      |       |       |       |    11 ||    11

Table legend:
 A = Non-vault XP
 B = Vault XP
 C = Vault XP percentage of total XP
 D = Non-vault monster count
 E = Vault monster count
 F = Vault count percentage of total count
                 A         B        C        D         E       F
            +---------+---------+-------+---------+---------+-------
      Total |   24686 |    5508 |  18.2 |     281 |      64 |  18.6
            +---------+---------+-------+---------+---------+-------
        D:1 |      22 |       8 |  26.7 |      14 |       2 |  12.5
        D:2 |      99 |      19 |  16.1 |      19 |       7 |  26.9
        D:3 |     163 |       0 |   0.0 |      17 |       0 |   0.0
        D:4 |     536 |       1 |   0.2 |      24 |       1 |   4.0
        D:5 |     165 |     712 |  81.2 |      14 |       3 |  17.6
        D:6 |     581 |     329 |  36.2 |      16 |      15 |  48.4
        D:7 |    1625 |     215 |  11.7 |      34 |       1 |   2.9
        D:8 |    1208 |       0 |   0.0 |      21 |       0 |   0.0
        D:9 |     691 |    1718 |  71.3 |      22 |      23 |  51.1
       D:10 |    1340 |     414 |  23.6 |      14 |       3 |  17.6
       D:11 |    6729 |       0 |   0.0 |      47 |       0 |   0.0
     Lair:1 |    1820 |    2092 |  53.5 |      10 |       9 |  47.4
     Lair:2 |    6581 |       0 |   0.0 |      19 |       0 |   0.0
     Lair:3 |    3126 |       0 |   0.0 |      10 |       0 |   0.0
            +---------+---------+-------+---------+---------+-------
